 Dungeon Crawl Stone Soup version 0.31-a0-986-g5e6e4ef867 (webtiles) character file.

Game seed: 16497473760758957107

366 avis the Ducker (level 6, 23/23 HPs)
             Began as a Felid Shapeshifter on Nov 21, 2023.
             Got out of the dungeon alive.
             The game lasted 00:15:26 (3256 turns).

avis the Ducker (Felid Shapeshifter)                Turns: 3256, Time: 00:15:27

Health: 23/23      AC:  2    Str: 10    XL:     6   Next: 40%
Magic:  7/7        EV: 20    Int: 18    God:
Gold:   273        SH:  0    Dex: 17    Spells: 5/5 levels left
                                        Lives:  0   Deaths: 2

rFire   . .          .
                       - Unarmed
rCold   . . .        (shield unavailable)
rNeg    . . .        (body armour unavailable)
rPois   +            (helmet unavailable)
rElec   .            (cloak unavailable)
rCorr   .            (gloves unavailable)
SInv    +            (boots unavailable)
Will    .....        (no amulet)
Stlth   +            i - ring of poison resistance
HPRegen 0.23/turn    l - +6 ring of intelligence
MPRegen 0.10/turn

%: no passive effects
@: flux-form, glowing, quick
A: glow, contaminating, reduced hp, very small, claws 1, fangs 3, see invisible,
speed 1, shaggy fur 2, stealthy paws, no weapons or thrown items, no armour,
multi-lived
a: Begin Untransformation


You escaped.
You were something dangerously unstable.
You visited 1 branch of the dungeon, and saw 4 of its levels.

You collected 273 gold pieces.

Inventory:

Jewellery
 i - a ring of poison resistance (left paw)
 l - a +6 ring of intelligence (right paw)
 m - a ring of protection from cold
 q - an amulet of magic regeneration
 t - a ring of fire
Talismans
 b - a beast talisman
 f - a flux talisman (active)
 D - a dragon-blood talisman
Scrolls
 c - 2 scrolls of blinking {unknown}
 d - a scroll of enchant weapon {unknown}
 j - a scroll of vulnerability {unknown}
 n - 2 scrolls of identify {unknown}
 o - a scroll of noise {unknown}
 r - a scroll of brand weapon {unknown}
Potions
 a - 2 potions of lignification
 e - a potion of cancellation {unknown}
 g - 2 potions of curing {unknown}
 h - 2 potions of heal wounds {unknown}
 k - a potion of resistance {unknown}
 p - a potion of brilliance {unknown}
 s - a potion of might {unknown}


   Skills:
 - Level 3.0 Fighting
 - Level 6.0 Dodging
 - Level 3.0 Unarmed Combat
 * Level 5.4 Shapeshifting


You had 5 spell levels left.
You didn't know any spells.
Your spell library contained the following spells:

 Spells                   Type           Power      Damage    Failure   Level
 Freeze                   Ice            0%         1d3       22%         1
 Frozen Ramparts          Ice            0%         1d1       54%         3
 Hailstorm                Conj/Ice       0%         3d3       54%         3


Dungeon Overview and Level Annotations

Branches:
Dungeon (4/15)
 Temple: D:4-7

Altars:

Shops:
D:2 :

Annotations:
D:3 Glass case, 2 transporters, kd29's ghost, amateur TrWr


Innate Abilities, Weirdness & Mutations

You are something dangerously unstable.
You glow with magical radiation, making you easy to see and hit.
Foes you strike become dangerously contaminated with magical radiation.
Your maximum health is decreased, since you lack skill for your form.
You have sharp claws.
You have razor-sharp teeth.
You have supernaturally acute eyesight. (SInv)
You cover ground quickly. (Speed+)
You are covered in thick fur. (AC +2)
Your paws help you pounce on unaware monsters.
You are incapable of wielding weapons or throwing items.
You cannot wear armour.
You gain extra lives every three experience levels.


Message History

You see here a +0 hand axe.
Things that are here:
a +0 dagger; a +0 robe You start resting.
HP restored.
You now have 265 gold pieces (gained 18).
You now have 273 gold pieces (gained 8).
You see here a +0 hand axe.
Found a stone staircase leading down.
Found a small ivory ring.
s - a fizzy blue potion
t - a ring of fire A jelly comes into view.
Found 15 gold pieces.
The jelly quivers.
You scratch the jelly.
The jelly begins to glow.
Your paws burn!
The jelly is lightly wounded.
The jelly hits you.
You are splashed with acid!
You scratch the jelly.
The jelly glows dangerously bright.
Your paws burn!
* * * LOW HITPOINT WARNING * * *
The jelly is heavily wounded.
The jelly hits you.
You die...
Your shape twists and changes as you die.
You are splashed with acid!
You rejoin the land of the living...
Okay, then.
What level of the Dungeon? (default 3, ? - help)
There is a stone staircase leading up here.
You climb upwards.
Level annotation: Glass case, 2 transporters, kd29's ghost, amateur TrWr
There is a stone staircase leading down here.
There is a stone staircase leading up here.
You climb upwards.
There is a stone staircase leading down here.
There is a stone staircase leading up here.
You climb upwards.
There is a stone staircase leading down here.
There is a staircase leading out of the dungeon here.
You have escaped!

#.#.#.#.#.# #########.#.#.##
#.........# ######......#
###.).##.## #......#.#..#
##...###.##########.####...)..#
##.#'#...........##.# ####...#
#..#)#...........##.######..###
+.##'#.#.○#..#...##..#=....##
#....'..≈°.......##.......##
..####.8.°......p##.#.#.#.#
.....'..≈°.......##.....#.#
.###'#.#.°#..#...##[#.#...#
.###.#....○......##.....#.#
...#'#...........#####....#
##...###.######### ######
###.....# ####### ###


There were no monsters in sight!

Vanquished Creatures
  A black bear (D:4)
  2 orc priests
  Natasha (thrice) (D:3)
  An orc wizard (D:4)
  4 adders (D:3)
  2 worms
  A dart slug (D:1)
  10 orcs
  6 ball pythons
  6 bats
  4 endoplasms
  4 giant cockroaches
  6 goblins
  7 hobgoblins
  3 quokkas
  4 frilled lizards
  7 kobolds
  6 rats
77 creatures vanquished.

Notes
Turn   | Place    | Note
-------+----------+-------------------------------------------
     0 | D:1      | avis the Felid Shapeshifter began the quest for the Orb.
     0 | D:1      | Reached XP level 1. HP: 9/9 MP: 2/2
   101 | D:1      | Reached XP level 2. HP: 13/13 MP: 3/3
   698 | D:2      | Reached XP level 3. HP: 16/16 MP: 4/4
   922 | D:2      | Reached skill level 3 in Dodging
  1000 | D:2      | Found Luast's Book Emporium.
  1588 | D:3      | Identified the +5 spear of Gin and Tonic {pain, *Corrode
                  | Str+3 Int+8 Stlth-}
  1664 | D:3      | Noticed Natasha
  1671 | D:3      | Killed Natasha
  1672 | D:3      | Reached skill level 4 in Dodging
  1672 | D:3      | Reached XP level 4. HP: 16/21 MP: 5/5
  1811 | D:3      | Reached skill level 5 in Dodging
  1968 | D:3      | Found a transporter.
  1984 | D:3      | Noticed kd29's ghost (amateur TrWr)
  2053 | D:3      | Found a transporter.
  2148 | D:3      | Noticed Natasha
  2157 | D:3      | Killed from afar by Natasha
  2171 | D:3      | Killed Natasha
  2172 | D:3      | Reached XP level 5. HP: 24/24 MP: 6/6
  2184 | D:3      | Noticed Natasha
  2199 | D:3      | Killed Natasha
  2200 | D:3      | Reached skill level 6 in Dodging
  2465 | D:4      | HP: 1/24 [orc priest/divine providence (13)]
  2943 | D:4      | Noticed a black bear
  2958 | D:4      | Killed a black bear
  2959 | D:4      | Reached skill level 5 in Shapeshifting
  2959 | D:4      | Gained mutation: You are covered in thick fur. (AC +2)
                  | [Felid growth]
  2959 | D:4      | Reached XP level 6. HP: 8/28 MP: 7/7
  3189 | D:4      | Slain by a jelly
  3256 | D:$      | Got out of the dungeon alive.

Illustrated notes

Levels and vault maps discovered:
D:1:      shiori_arrival_oz, layout_basic, serial_glass, glass_columns_a,
          glass_columns_b, glass_columns_a, glass_columns_a, glass_columns_b,
          glass_columns_c, grunt_decor_one_mirror
D:2:      layout_basic, serial_shops, shop_coins, minmay_tripent
D:3:      layout_basic, gammafunk_ghost_gnarly_gnolls, due_unseen_surprise,
          uniq_natasha
D:4:      layout_loops_cross, item_on_display_a

Skill      XL: |  1  2  3  4  5 |
---------------+----------------+-----
Fighting       | 2 3 |  3.0
Dodging        | 4 5 6 |  6.0
Shapeshifting  | 5 |  5.4
Unarmed Combat | |  3.0

Action                     |  1- 3 |  4- 6 || total
---------------------------+-------+-------++-------
  Melee: Unarmed           |   125 |   104 ||   229
         Bite              |    10 |    12 ||    22
         Punch             |     2 |     3 ||     5
   Stab: Sleeping          |     1 |       ||     1
 Armour: Skin              |    27 |    27 ||    54
  Dodge: Dodged            |    97 |    74 ||   171
   Form: Flux              |       |     1 ||     1

Table legend: (Time is in decaauts)
 A = Elapsed time spent in this place.
 B = Non-inter-level travel time spent in this place.
 C = Inter-level travel time spent in this place.
 D = Time resting spent in this place.
 E = Time spent auto-exploring this place.
 F = Levels seen in this place.
 G = Mean time per level.
                   A        B        C        D        E       F      G
               +--------+--------+--------+--------+--------+-----+--------+
         Total |   2793 |   2488 |    305 |    567 |   1075 |   4 |  698.2 |
       Dungeon |   2793 |   2488 |    305 |    567 |   1075 |   4 |  698.2 |
               +--------+--------+--------+--------+--------+-----+--------+

Top non-repeatable levels by time:
     D:3: 981 daAuts
     D:2: 813 daAuts
     D:1: 576 daAuts
     D:4: 422 daAuts
